[Event "ICC Open 2015"]
[Site "Internet Chess Club"]
[Date "2015.05.29"]
[Round "8"]
[White "Dodgy"]
[Black "TedBelanoff"]
[Result "1-0"]
[ICCResult "Black checkmated"]
[WhiteElo "2182"]
[BlackElo "1960"]
[Opening "King's Indian, 3.Nf3"]
[ECO "E60"]
[NIC "QP.06"]
[Time "15:28:20"]
[TimeControl "180+0"]

1. d4 Nf6 2. Nf3 g6 3. c4 Bg7 4. g3 O-O 5. Bg2 e6 6. O-O d5 7. Nc3 c6 8. Bf4
Nbd7 9. cxd5 exd5 10. Re1 Re8 11. Nd2 Qb6 12. e4 Qxd4 13. exd5 Rxe1+ 14.
Qxe1 cxd5 15. Nb3 Qb6 16. Nxd5 Nxd5 17. Qe8+ Nf8 18. Bxd5 Be6 19. Qxa8 Bxd5
20. Be3 Qe6 21. Nd2 Bxb2 22. Rb1 Bc3 23. Bh6 Bg7 24. Bxg7 Kxg7 25. Qxa7 Nd7
26. Qd4+ Nf6 27. Qe3 Qh3 28. f3 Bc6 29. Ne4 Nxe4 30. fxe4 Qg4 31. Re1 h5 32.
Qf4 Qe6 33. Rf1 Qxa2 34. Qf6+ Kg8 35. Rf2 Qb1+ 36. Rf1 Qxe4 37. Qxf7+ Kh8
38. Qf8+ Kh7 39. Rf7# {Black checkmated} 1-0

[Event "ICC Open 2015"]
[Site "Internet Chess Club"]
[Date "2015.05.29"]
[Round "8"]
[White "HPG1947"]
[Black "TheThirdOne"]
[Result "1-0"]
[ICCResult "Black resigns"]
[WhiteElo "1779"]
[BlackElo "1394"]
[Opening "Colle system"]
[ECO "D05"]
[NIC "QP.06"]
[Time "15:27:31"]
[TimeControl "180+0"]

1. d4 Nf6 2. Nf3 e6 3. e3 d5 4. Bd3 c5 5. c3 Nc6 6. O-O a6 7. Nbd2 b5 8.
dxc5 Bxc5 9. e4 dxe4 10. Nxe4 Nxe4 11. Bxe4 Qc7 12. Ne5 Bb7 13. Nd3 Bb6 14.
Qf3 Rc8 15. Bf4 e5 16. Nxe5 Nxe5 17. Bxe5 Qxe5 18. Bxb7 O-O 19. Bxc8 Rxc8
20. Rae1 Qc7 21. Qe4 g6 22. h4 Rd8 23. h5 Qd6 24. h6 Qf6 25. Qe7 Qxe7 26.
Rxe7 Kf8 27. Rb7 Bc5 28. Rc7 Be7 29. Re1 Bf6 30. g3 Re8 31. Rxe8+ Kxe8 32.
Ra7 Bg5 33. Rxa6 Bxh6 34. Rb6 Bc1 35. Rxb5 Kd7 36. a4 Kc6 37. c4 Kd6 38. a5
f5 39. a6 Kc6 40. a7 {Black resigns} 1-0

[Event "ICC Open 2015"]
[Site "Internet Chess Club"]
[Date "2015.05.29"]
[Round "8"]
[White "nikenwidiartto"]
[Black "yaguaro"]
[Result "1-0"]
[ICCResult "Black resigns"]
[WhiteElo "1812"]
[BlackElo "2081"]
[Opening "Alekhine's defense: exchange variation"]
[ECO "B03"]
[NIC "AL.08"]
[Time "15:29:08"]
[TimeControl "180+0"]

1. e4 Nf6 2. e5 Nd5 3. d4 Nb6 4. c4 d6 5. exd6 cxd6 6. Nc3 g6 7. Bd3 Bg7 8.
Nge2 O-O 9. O-O Nc6 10. Be3 Nb4 11. a3 Nxd3 12. Qxd3 Bf5 13. Qd2 Nxc4 14.
Qc1 Nxe3 15. Qxe3 e5 16. d5 a6 17. Ng3 Bd7 18. f4 exf4 19. Qxf4 Qb6+ 20. Kh1
Qxb2 21. Nce4 Qd4 22. Rad1 Qa4 23. Nf6+ Kh8 24. Rd4 Qb5 25. Rb4 Qd3 26. Nxd7
Qxd5 27. Nxf8 Rxf8 28. Qf3 Qa5 29. Rxb7 f5 30. Ra7 Be5 31. Qb7 {Black
resigns} 1-0

[Event "ICC Open 2015"]
[Site "Internet Chess Club"]
[Date "2015.05.29"]
[Round "8"]
[White "wolwerine"]
[Black "RiFlex01"]
[Result "0-1"]
[ICCResult "White resigns"]
[WhiteElo "2160"]
[BlackElo "2199"]
[Opening "French: King's Indian attack"]
[ECO "C00"]
[NIC "FR.02"]
[Time "15:28:20"]
[TimeControl "180+0"]

1. e4 e6 2. d3 d5 3. Nd2 Nf6 4. Ngf3 c5 5. g3 Nc6 6. Bg2 Be7 7. O-O b6 8.
Re1 Bb7 9. e5 Nd7 10. c3 Qc7 11. Qe2 g5 12. h3 h5 13. Nf1 g4 14. hxg4 hxg4
15. N3h2 Ndxe5 16. Nxg4 Nxg4 17. Qxg4 O-O-O 18. Bf4 Bd6 19. Bxd6 Qxd6 20. d4
f5 21. Qg6 Kd7 22. dxc5 bxc5 23. Rad1 Rdg8 24. Qf6 Ne7 25. c4 Rf8 26. Qc3 d4
27. Qa5 Bxg2 28. Qxa7+ Ke8 29. Kxg2 Qc6+ 30. f3 Rfg8 31. Qb8+ Kf7 32. Qe5
Ng6 33. Qxh8 Rxh8 34. b4 f4 35. bxc5 e5 36. Rb1 fxg3 37. Rb6 Nf4+ 38. Kxg3
Rh3+ 39. Kf2 Qxf3+ {White resigns} 0-1

[Event "ICC Open 2015"]
[Site "Internet Chess Club"]
[Date "2015.05.29"]
[Round "8"]
[White "elmonkey"]
[Black "Huemul"]
[Result "1-0"]
[ICCResult "Black checkmated"]
[WhiteElo "1332"]
[BlackElo "1308"]
[Opening "Queen's pawn"]
[ECO "A40"]
[NIC "QO.17"]
[Time "15:28:06"]
[TimeControl "180+0"]

1. d4 e6 2. c4 c6 3. Nc3 Be7 4. Nf3 Bf6 5. e4 d6 6. e5 dxe5 7. dxe5 Be7 8.
Qxd8+ Bxd8 9. Be3 Ne7 10. Be2 O-O 11. O-O Ng6 12. Ne4 Bc7 13. Bd4 b6 14. h4
Bb7 15. Nd6 Bxd6 16. exd6 Nd7 17. h5 Nf4 18. Bd1 Nxh5 19. Ne5 Nxe5 20. Bxe5
g6 21. Bxh5 gxh5 22. b4 f6 23. Bg3 Kf7 24. c5 bxc5 25. bxc5 Rad8 26. Rfb1
Rb8 27. Rb4 Rg8 28. Rab1 f5 29. Rxb7+ Rxb7 30. Rxb7+ Kg6 31. Rxa7 Kg5 32.
Rc7 h4 33. Be5 f4 34. Rxc6 h3 35. gxh3 Kh4+ 36. Kh2 f3 37. Bg3+ Kh5 38. Rc7
h6 39. d7 Rd8 40. c6 e5 41. Rc8 Rxd7 42. cxd7 e4 43. d8=Q e3 44. Qe8+ Kg5
45. Qxe3+ Kg6 46. Qxf3 h5 47. Rc6+ Kg7 48. Qe4 h4 49. Qe7+ Kg8 50. Rc8#
{Black checkmated}
1-0

[Event "ICC Open 2015"]
[Site "Internet Chess Club"]
[Date "2015.05.29"]
[Round "8"]
[White "JUGGERNOT"]
[Black "NFork"]
[Result "0-1"]
[ICCResult "White resigns"]
[WhiteElo "1853"]
[BlackElo "2174"]
[Opening "Queen's bishop game"]
[ECO "D00"]
[NIC "QP.08"]
[Time "15:28:52"]
[TimeControl "180+0"]

1. d4 d5 2. Bf4 Nf6 3. Nf3 e6 4. e3 Bd6 5. Bg3 c5 6. c3 Ne4 7. Bxd6 Qxd6 8.
Bd3 f5 9. Ne5 O-O 10. f4 Nc6 11. O-O Nxe5 12. fxe5 Qb6 13. Qe2 Ng5 14. b3
Bd7 15. Nd2 a5 16. a4 Rfc8 17. Rab1 cxd4 18. cxd4 Qb4 19. Nf3 Nxf3+ 20. gxf3
Rc3 21. Bc2 Rac8 22. Bd1 Bxa4 23. Kg2 Bb5 24. Qf2 Bxf1+ 25. Qxf1 Rxe3 26.
Be2 Rc2 27. Re1 Qxe1 28. Qxe1 Rcxe2+ 29. Qxe2 Rxe2+ 30. Kf1 Rxh2 {White
resigns} 0-1

[Event "ICC Open 2015"]
[Site "Internet Chess Club"]
[Date "2015.05.29"]
[Round "8"]
[White "ibarra"]
[Black "random31415"]
[Result "1-0"]
[ICCResult "Black checkmated"]
[WhiteElo "2826"]
[BlackElo "1893"]
[Opening "Caro-Kann: two knights, 3...Bg4"]
[ECO "B11"]
[NIC "CK.01"]
[Time "15:28:09"]
[TimeControl "180+0"]

1. e4 c6 2. Nc3 d5 3. Nf3 Bg4 4. h3 Bxf3 5. Qxf3 e6 6. d3 Nf6 7. Bd2 Nbd7 8.
O-O-O Qb6 9. g4 Bb4 10. g5 Ng8 11. a3 Bxc3 12. Bxc3 d4 13. Bd2 Ne7 14. h4
Nc5 15. b3 Nxb3+ 16. cxb3 Qxb3 17. Re1 c5 18. Qd1 Qxa3+ 19. Kb1 Nc6 20. Qc2
a5 21. Qb2 Qa4 22. Rc1 b6 23. Be2 Nb4 24. f4 Ke7 25. f5 e5 26. f6+ gxf6 27.
gxf6+ Kxf6 28. Rhf1+ Ke7 29. Bg5+ Kd6 30. Rf6+ Kc7 31. Rxf7+ Kc6 32. Bg4
Rhd8 33. Bxd8 Rxd8 34. Be2 Rg8 35. Rf2 Rg3 36. Rd1 Rxd3 37. Rxd3 Nxd3 38.
Rf6+ Kc7 39. Qxb6+ Kd7 40. Qd6+ Ke8 41. Rf8# {Black checkmated} 1-0

[Event "ICC Open 2015"]
[Site "Internet Chess Club"]
[Date "2015.05.29"]
[Round "8"]
[White "hAutAjArvi"]
[Black "Nos"]
[Result "0-1"]
[ICCResult "White checkmated"]
[WhiteElo "2028"]
[BlackElo "2337"]
[Opening "French: Winawer, advance, 6...Ne7"]
[ECO "C18"]
[NIC "FR.11"]
[Time "15:28:16"]
[TimeControl "180+0"]

1. e4 e6 2. d4 d5 3. Nc3 Bb4 4. e5 c5 5. a3 Bxc3+ 6. bxc3 Ne7 7. Bd3 b6 8.
Nf3 Ba6 9. O-O Bxd3 10. Qxd3 c4 11. Qe2 O-O 12. a4 Nbc6 13. Ba3 f5 14. exf6
Rxf6 15. Ne5 Nxe5 16. Qxe5 Ng6 17. Qg3 Qd7 18. Bd6 Rd8 19. Be5 Nxe5 20. Qxe5
Rf5 21. Qe3 Rdf8 22. f3 R5f6 23. a5 b5 24. a6 Rb8 25. Rfb1 Rb6 26. Rb4 Qc6
27. Ra5 Rf8 28. Qe5 Rfb8 29. Kf2 h6 30. h4 Qe8 31. Qc7 Qg6 32. Rb2 Qf7 33.
Qxf7+ Kxf7 34. Rb4 Ke7 35. Ke3 Kd6 36. g3 Kc6 37. Kf4 Kd6 38. h5 Kd7 39. Ke5
Rf8 40. g4 Kc6 41. Kxe6 Rbb8 42. Ke7 Rbe8# {White checkmated} 0-1

[Event "ICC Open 2015"]
[Site "Internet Chess Club"]
[Date "2015.05.29"]
[Round "8"]
[White "Hareaum"]
[Black "Meditator"]
[Result "0-1"]
[ICCResult "White checkmated"]
[WhiteElo "1820"]
[BlackElo "2276"]
[Opening "Sicilian defense"]
[ECO "B44"]
[NIC "SI.39"]
[Time "15:29:24"]
[TimeControl "180+0"]

1. e4 c5 2. Nf3 e6 3. d4 cxd4 4. Nxd4 Nc6 5. f3 a6 6. Be3 Nf6 7. c3 d5 8.
Nxc6 bxc6 9. e5 Nd7 10. f4 Be7 11. Be2 O-O 12. O-O f6 13. exf6 Bxf6 14. Nd2
c5 15. Nf3 Qe7 16. g3 Rb8 17. Rb1 Bb7 18. Qc2 e5 19. fxe5 Nxe5 20. Nxe5 Bxe5
21. Bf3 Rxf3 22. Rxf3 d4 23. cxd4 cxd4 24. Qb3+ Kh8 25. Bf4 Bxf3 26. Bxe5
Rxb3 27. Bxg7+ Kxg7 28. axb3 Qe3+ 29. Kf1 Qe2+ 30. Kg1 Qg2# {White
checkmated} 0-1

[Event "ICC Open 2015"]
[Site "Internet Chess Club"]
[Date "2015.05.29"]
[Round "8"]
[White "Jospa"]
[Black "jesusreigns"]
[Result "0-1"]
[ICCResult "White forfeits on time"]
[WhiteElo "1209"]
[BlackElo "1638"]
[Opening "Sicilian"]
[ECO "B54"]
[NIC "SI.01"]
[Time "15:27:26"]
[TimeControl "180+0"]

1. e4 c5 2. Nf3 d6 3. d4 cxd4 4. Nxd4 a6 5. Nf3 g6 6. Bd3 Bg7 7. O-O Bg4 8.
Re1 Nd7 9. c3 Ne5 10. Be2 Qb6 11. Be3 Qxb2 12. Qa4+ b5 13. Qd4 Bxf3 14. Bxf3
Nxf3+ 15. gxf3 Bxd4 16. Bxd4 e5 17. Be3 Qxa1 18. Kg2 Rc8 19. Bd2 Nf6 20. Na3
Qxa2 21. Bg5 Nh5 22. Rd1 Qe6 23. Nc2 Rxc3 24. Nb4 Nf4+ 25. Bxf4 exf4 26. Nd5
Rc5 27. Nxf4 Qd7 28. h3 h5 29. Nd5 Rxd5 30. exd5 O-O 31. Re1 Qf5 32. Kf1
Qxd5 33. Kg1 Qxf3 34. h4 g5 {White forfeits on time} 0-1

[Event "ICC Open 2015"]
[Site "Internet Chess Club"]
[Date "2015.05.29"]
[Round "8"]
[White "DeepHmmm"]
[Black "magnuswizard"]
[Result "0-1"]
[ICCResult "White resigns"]
[WhiteElo "1793"]
[BlackElo "2049"]
[Opening "Sicilian: Najdorf, 6.f4"]
[ECO "B93"]
[NIC "SI.12"]
[Time "15:27:24"]
[TimeControl "180+0"]

1. e4 c5 2. Nf3 d6 3. d4 cxd4 4. Nxd4 Nf6 5. Nc3 a6 6. f4 e6 7. Be3 Qc7 8.
a4 Nc6 9. Qf3 Be7 10. Bd3 Bd7 11. O-O O-O 12. Kh1 Nxd4 13. Bxd4 e5 14. Be3
Bc6 15. fxe5 dxe5 16. Bg5 Rad8 17. Qh3 Bd7 18. Qh4 Be6 19. Rf3 Rd4 20. Raf1
Re8 21. Bxf6 Bxf6 22. Rxf6 gxf6 23. Qxf6 Qe7 24. Qxe5 Rxd3 25. cxd3 Qh4 26.
Qf4 Qxf4 27. Rxf4 Rd8 28. Rf3 Bb3 29. a5 Rd4 30. Kg1 Bc2 31. Kf2 Bxd3 32.
Ke3 Rd8 33. Rf6 Bc4 34. Rb6 Rd7 35. b3 Rd3+ 36. Kf4 Rxc3 37. bxc4 Rxc4 38.
Rxb7 Rc5 39. g4 Rxa5 40. h4 Kg7 41. h5 Rb5 42. e5 Rxb7 {White resigns} 0-1

[Event "ICC Open 2015"]
[Site "Internet Chess Club"]
[Date "2015.05.29"]
[Round "8"]
[White "BlitzPawn94"]
[Black "Merula"]
[Result "1-0"]
[ICCResult "Black forfeits on time"]
[WhiteElo "2628"]
[BlackElo "2233"]
[Opening "Nimzovich-Larsen attack: classical variation"]
[ECO "A01"]
[NIC "VO.08"]
[Time "15:27:25"]
[TimeControl "180+0"]

1. b3 d5 2. Bb2 Nf6 3. Nf3 c6 4. e3 Bg4 5. Be2 e6 6. d4 Nbd7 7. Nbd2 Bd6 8.
O-O O-O 9. c4 a6 10. Qc2 Bh5 11. Bc3 Bg6 12. Qb2 b5 13. cxb5 cxb5 14. a3 Qb8
15. Ba5 Rc8 16. Rfc1 h6 17. h3 Qb7 18. b4 Nb6 19. Bxb6 Qxb6 20. Nb3 Ne4 21.
Nc5 Rc7 22. Bd3 Rac8 23. Bxe4 dxe4 24. Nd2 Bxc5 25. dxc5 Qc6 26. Nb3 Qd5 27.
Rd1 Qg5 28. Na5 Bf5 29. Kh2 Rd8 30. Qe5 Rcd7 31. Rxd7 Rxd7 32. c6 Rd8 33. c7
Rc8 34. Rd1 Qe7 35. Nc6 Qxc7 36. Rd8+ Kh7 37. Qxc7 Rxc7 38. Nd4 Rc3 39. a4
bxa4 40. Rd6 a3 41. Rxa6 Bg6 42. b5 e5 43. Nc6 Rb3 44. b6 a2 45. Nxe5 a1=Q
46. Rxa1 Rxb6 47. Rd1 Re6 48. Nc4 Bh5 49. g4 Bg6 50. Kg3 f5 51. Rd2 fxg4 52.
hxg4 h5 53. gxh5 Bxh5 54. Kf4 Bf3 55. Nd6 Kh6 56. Rd4 g5+ 57. Kf5 Re7 58.
Kf6 Ra7 59. Nxe4 Kh5 60. Nxg5 Ra6+ 61. Ne6 Bg4 62. Re4 Bf3 63. Re5+ Kg4 64.
Rg5+ Kh4 65. Rg3 Bg4 66. Ke5 Rxe6+ 67. Kd4 Re8 68. Rg1 Bh3 69. f4 Bg4 70. e4
Rd8+ 71. Ke3 Re8 72. Kd4 Rd8+ 73. Ke3 Re8 74. e5 Re7 75. Kd4
{Black forfeits on time}
1-0

[Event "ICC Open 2015"]
[Site "Internet Chess Club"]
[Date "2015.05.29"]
[Round "8"]
[White "Federicov"]
[Black "Durarbeyli"]
[Result "1-0"]
[ICCResult "Black checkmated"]
[WhiteElo "3192"]
[BlackElo "2863"]
[Opening "Ruy Lopez: Cozio defense deferred"]
[ECO "C70"]
[NIC "RL.09"]
[Time "15:27:31"]
[TimeControl "180+0"]

1. e4 e5 2. Nf3 Nc6 3. Bb5 a6 4. Ba4 Nge7 5. c3 g6 6. d4 exd4 7. cxd4 b5 8.
Bc2 d5 9. exd5 Nxd5 10. O-O Be6 11. Nc3 Bg7 12. Bg5 Nxc3 13. bxc3 Qd7 14.
Re1 O-O 15. Qd2 Bd5 16. Qf4 Rfe8 17. Bb3 Bxb3 18. axb3 a5 19. h4 a4 20. bxa4
Rxe1+ 21. Nxe1 bxa4 22. Nd3 a3 23. Qc1 a2 24. Qc2 Qd5 25. Nc1 Re8 26. Nxa2
Ra8 27. Be3 Qc4 28. Qb1 Qa4 29. h5 gxh5 30. Qe4 Rb8 31. Rf1 Qxa2 32. Qxc6
Qe6 33. Qxc7 Rc8 34. Qh2 Rxc3 35. Qxh5 h6 36. Rb1 Rxe3 37. fxe3 Qxe3+ 38.
Kh1 Bxd4 39. Qg4+ Kh7 40. Rf1 f6 41. Rd1 Bc5 42. Qf5+ Kg7 43. Qg4+ Kf7 44.
Qh5+ Ke6 45. Qe8+ Kf5 46. Rd5+ Kg4 47. Qg6+ Kh4 48. Rh5# {Black checkmated}
1-0

[Event "ICC Open 2015"]
[Site "Internet Chess Club"]
[Date "2015.05.29"]
[Round "8"]
[White "escorpionx"]
[Black "noyb"]
[Result "0-1"]
[ICCResult "White checkmated"]
[WhiteElo "1536"]
[BlackElo "1587"]
[Opening "Queen's pawn"]
[ECO "A40"]
[NIC "QO.17"]
[Time "15:28:14"]
[TimeControl "180+0"]

1. d4 c6 2. Nf3 d5 3. Bf4 Nf6 4. e3 Bg4 5. c4 e6 6. Nc3 Nbd7 7. Qb3 Qc8 8.
Ne5 Nxe5 9. Bxe5 Be7 10. f3 Bh5 11. g4 Bg6 12. h4 h6 13. cxd5 exd5 14. Rc1
Qd7 15. Bg2 O-O 16. g5 hxg5 17. hxg5 Nh7 18. e4 dxe4 19. fxe4 Nxg5 20. O-O
Qg4 21. Qd1 Qh4 22. Qe1 Nh3+ 23. Bxh3 Qxh3 24. Qg3 Qh5 25. Rf2 Bh4 26. Qf3
Bxf2+ 27. Qxf2 Qg5+ 28. Kh1 Qxc1+ 29. Kg2 Qg5+ 30. Kf1 f6 31. Bf4 Qg4 32. d5
Rad8 33. d6 Bh5 34. Ke1 Qf3 35. Qh2 Rfe8 36. Kd2 b5 37. a3 a5 38. Kc1 b4 39.
axb4 axb4 40. d7 Re7 41. Bc7 bxc3 42. Bxd8 Qd1# {White checkmated} 0-1

[Event "ICC Open 2015"]
[Site "Internet Chess Club"]
[Date "2015.05.29"]
[Round "8"]
[White "bigali"]
[Black "onti"]
[Result "1-0"]
[ICCResult "Black resigns"]
[WhiteElo "1595"]
[BlackElo "1449"]
[Opening "French defense"]
[ECO "C01"]
[NIC "FR.01"]
[Time "15:27:48"]
[TimeControl "180+0"]

1. e4 e6 2. d4 b6 3. c4 Bb7 4. Nc3 Be7 5. Nf3 h6 6. Be3 Nc6 7. d5 exd5 8.
cxd5 Nb4 9. a3 Na6 10. Be2 Nc5 11. O-O a6 12. e5 d6 13. exd6 Bxd6 14. b4 Nd7
15. Nd4 Ngf6 16. Nf5 Bf8 17. d6 c5 18. bxc5 Nxc5 19. Bxc5 bxc5 20. Re1 Kd7
21. Bf3 Rb8 22. Bxb7 Rxb7 23. Qa4+ Kc8 24. Qxa6 Qb6 25. d7+ Kb8 26. Re8+
Nxe8 27. dxe8=Q+ Kc7 28. Qxb6+ Rxb6 29. Nd5+ {Black resigns} 1-0

[Event "ICC Open 2015"]
[Site "Internet Chess Club"]
[Date "2015.05.29"]
[Round "8"]
[White "SCORPION83"]
[Black "manitodeplomo"]
[Result "0-1"]
[ICCResult "White resigns"]
[WhiteElo "3154"]
[BlackElo "2627"]
[Opening "Queen's pawn game"]
[ECO "A61"]
[NIC "QI.01"]
[Time "15:27:17"]
[TimeControl "180+0"]

1. d4 Nf6 2. c4 e6 3. Nf3 c5 4. d5 exd5 5. cxd5 d6 6. Nc3 a6 7. a4 Qe7 8.
Bf4 Nh5 9. Bg5 f6 10. Bd2 g6 11. e4 Bg7 12. h3 f5 13. Qe2 f4 14. Qd3 Nd7 15.
Be2 O-O 16. a5 Rb8 17. O-O Ne5 18. Nxe5 Bxe5 19. Bf3 Nf6 20. Na4 Bd7 21. Nb6
Bb5 22. Nc4 g5 23. Rfc1 h5 24. Qe2 Bd4 25. Bc3 Bxc4 26. Qxc4 g4 27. Bxd4
cxd4 28. Be2 f3 29. gxf3 gxf3 30. Bxf3 Nd7 31. Bg2 Ne5 32. Qxd4 Rf4 33. Ra3
Rbf8 34. Rg3+ Kh7 35. h4 Rxf2 36. Qxf2 Rxf2 37. Kxf2 Qxh4 38. Rc7+ Kh6 39.
Rc8 Qf4+ 40. Bf3 Ng4+ 41. Ke2 Qe3+ 42. Kd1 Qd4+ 43. Kc2 Qf2+ 44. Kb1 Qxg3
45. Bxg4 hxg4 46. Rc7 Qe1+ 47. Ka2 Qxa5+ {White resigns} 0-1

[Event "ICC Open 2015"]
[Site "Internet Chess Club"]
[Date "2015.05.29"]
[Round "8"]
[White "Pancake"]
[Black "mvillalba"]
[Result "0-1"]
[ICCResult "White resigns"]
[WhiteElo "1760"]
[BlackElo "2168"]
[Opening "Benoni: classical with e4 and Nf3"]
[ECO "A70"]
[NIC "BI.20"]
[Time "15:28:46"]
[TimeControl "180+0"]

1. d4 Nf6 2. c4 e6 3. Nc3 c5 4. d5 exd5 5. cxd5 d6 6. e4 g6 7. Nf3 Bg7 8. h3
O-O 9. Bd3 Nbd7 10. O-O Nh5 11. Re1 Ne5 12. Be2 Nxf3+ 13. Bxf3 Qh4 14. Bxh5
gxh5 15. Qf3 Be5 16. Ne2 f5 17. g3 Qxh3 18. Nf4 Qg4 19. Qh1 fxe4 20. Qxh5
Qxh5 21. Nxh5 Bg4 22. Nf4 Bf3 23. Ne6 Rf5 24. Ng5 Raf8 25. Nxf3 Rxf3 26.
Rxe4 Rxf2 27. Rg4+ Kh8 28. Bh6 R8f7 29. Re1 Rxb2 {White resigns} 0-1

[Event "ICC Open 2015"]
[Site "Internet Chess Club"]
[Date "2015.05.29"]
[Round "8"]
[White "BlueGreen"]
[Black "Parsifal"]
[Result "1-0"]
[ICCResult "Black checkmated"]
[WhiteElo "2692"]
[BlackElo "2401"]
[Opening "Sicilian: Scheveningen, Keres attack"]
[ECO "B81"]
[NIC "SI.20"]
[Time "15:28:18"]
[TimeControl "180+0"]

1. e4 c5 2. Nf3 d6 3. d4 cxd4 4. Nxd4 e6 5. Nc3 Nf6 6. g4 h6 7. Be3 Nc6 8.
f3 Qb6 9. Qd2 Qd8 10. O-O-O a6 11. h4 Nxd4 12. Qxd4 e5 13. Qd2 Be6 14. Be2
Rc8 15. g5 Nh5 16. gxh6 g6 17. Nd5 Bxd5 18. Qxd5 Qc7 19. c3 Bxh6 20. Bxh6
Rxh6 21. Qxd6 Ng3 22. Rhe1 Rxh4 23. Qf6 Rf4 24. Qh8+ Ke7 25. Qh6 Nh5 26.
Qg5+ Nf6 27. Bc4 Re8 28. Bb3 Kf8 29. Qh6+ Ke7 30. Qg5 Rd8 31. Rxd8 Kxd8 32.
Rd1+ Kc8 33. Qh6 Kb8 34. Qf8+ Ka7 35. Rd8 Rxf3 36. Ra8+ Kb6 37. Qb4+ Kc6 38.
Ba4+ b5 39. Rxa6+ Kd7 40. Bxb5+ Kc8 41. Qf8+ Kb7 42. Qa8# {Black checkmated}
1-0

[Event "ICC Open 2015"]
[Site "Internet Chess Club"]
[Date "2015.05.29"]
[Round "8"]
[White "Vladimirovich"]
[Black "muisback"]
[Result "1-0"]
[ICCResult "Black resigns"]
[WhiteElo "3286"]
[BlackElo "3126"]
[Opening "Pirc: classical, h3 system"]
[ECO "A41"]
[NIC "QO.17"]
[Time "15:28:43"]
[TimeControl "180+0"]

1. d4 d6 2. Nf3 g6 3. e4 Bg7 4. h3 Nf6 5. Nc3 O-O 6. Be2 c5 7. d5 a6 8. a4
e6 9. dxe6 Bxe6 10. O-O Nc6 11. Bg5 h6 12. Bh4 Re8 13. Re1 g5 14. Bg3 d5 15.
exd5 Nxd5 16. Nxd5 Qxd5 17. c3 Rad8 18. Bc7 Rd7 19. Qxd5 Bxd5 20. Bb6 Rde7
21. Bf1 Rxe1 22. Rxe1 Rxe1 23. Nxe1 Bb3 24. Nd3 Bf8 25. Bxc5 Ne5 26. Bxf8
Nxd3 27. Bxd3 Kxf8 28. a5 Bd5 29. g3 Ke7 30. f4 Kd6 31. Kf2 f6 32. Ke3 Be6
33. h4 Kc5 34. b4+ Kd6 35. Kd4 Bc8 36. c4 Be6 37. Be4 Kc7 38. Kc5 gxf4 39.
gxf4 Bg4 40. b5 axb5 41. cxb5 Be2 42. b6+ Kb8 43. Kd6 {Black resigns} 1-0

[Event "ICC Open 2015"]
[Site "Internet Chess Club"]
[Date "2015.05.29"]
[Round "8"]
[White "RST2003"]
[Black "holderlin"]
[Result "1-0"]
[ICCResult "Black forfeits on time"]
[WhiteElo "1851"]
[BlackElo "1615"]
[Opening "King's pawn opening"]
[ECO "B07"]
[NIC "VO.17"]
[Time "15:27:50"]
[TimeControl "180+0"]

1. e4 d6 2. Nc3 c5 3. f4 Bd7 4. Nf3 g6 5. Bc4 e6 6. O-O Bg7 7. d3 a6 8. a4
Nc6 9. Qe1 Nge7 10. Qh4 O-O 11. f5 exf5 12. Bh6 Ne5 13. Ng5 Nxc4 14. dxc4
Bd4+ 15. Kh1 Bf6 16. Bxf8 Bxg5 17. Qxg5 Qxf8 18. exf5 Nxf5 19. Nd5 Be6 20.
Nf6+ Kh8 21. Rf3 Qg7 22. Rh3 h6 23. Ng4 h5 24. Nf6 Nh6 25. Rf3 Ng4 26. h3
Ne5 27. Rff1 Rd8 28. Nxh5 gxh5 29. Qxd8+ Kh7 30. Qxd6 {Black forfeits on
time} 1-0

[Event "ICC Open 2015"]
[Site "Internet Chess Club"]
[Date "2015.05.29"]
[Round "8"]
[White "carlito78"]
[Black "paraguayo"]
[Result "0-1"]
[ICCResult "White checkmated"]
[WhiteElo "1578"]
[BlackElo "1777"]
[Opening "King's gambit"]
[ECO "C30"]
[NIC "KG.05"]
[Time "15:27:49"]
[TimeControl "180+0"]

1. e4 e5 2. f4 d6 3. Nf3 Nc6 4. d4 Bg4 5. dxe5 Bxf3 6. Qxf3 dxe5 7. f5 Nd4
8. Qd3 Bc5 9. c3 Nc6 10. Qxd8+ Rxd8 11. Bb5 Ne7 12. Bg5 f6 13. Bh4 a6 14.
Bxc6+ Nxc6 15. Bf2 Bxf2+ 16. Kxf2 Na5 17. Re1 Nc4 18. Re2 Ke7 19. Na3 Nxa3
20. bxa3 Rd3 21. Rb1 b6 22. Rb3 Rhd8 23. c4 Rd2 24. Ke3 Rd1 25. Rc2 R8d4 26.
c5 b5 27. a4 Re1+ 28. Kf2 Rexe4 29. axb5 axb5 30. Rxb5 Rf4+ 31. Kg3 Rxf5 32.
Rb7 Rg5+ 33. Kf3 Rf4+ 34. Ke3 Kd7 35. c6+ Kd6 36. g3 Rd4 37. h4 Rxg3+ 38.
Kf2 Rh3 39. a4 Rh2+ 40. Ke3 Rxc2 41. a5 Ra2 42. Ra7 Kxc6 43. Ra8 Rda4 44.
Rg8 Rg2 45. a6 Rxa6 46. Re8 Ra4 47. Re6+ Kd7 48. Rxe5 fxe5 49. Kf3 Rb2 50.
Kg3 Rb3+ 51. Kf2 Ra2+ 52. Ke1 Rb1# {White checkmated} 0-1

[Event "ICC Open 2015"]
[Site "Internet Chess Club"]
[Date "2015.05.29"]
[Round "8"]
[White "jefferyx"]
[Black "Radja"]
[Result "1-0"]
[ICCResult "Black forfeits on time"]
[WhiteElo "2915"]
[BlackElo "2423"]
[Opening "Polish (Sokolsky) opening"]
[ECO "A00"]
[NIC "VO.10"]
[Time "15:27:29"]
[TimeControl "180+0"]

1. b4 d5 2. Bb2 c6 3. e3 Qb6 4. a3 a5 5. Nf3 axb4 6. Bd4 Qc7 7. axb4 Rxa1 8.
Bxa1 Bg4 9. Be2 Nd7 10. b5 c5 11. Nc3 e6 12. h3 Bh5 13. Bb2 Ngf6 14. Qa1 Be7
15. Qa7 O-O 16. O-O Nb6 17. Ra1 Ra8 18. Qxa8+ Nxa8 19. Rxa8+ Bf8 20. Na4 Nd7
21. Ne5 Nxe5 22. Bxh5 Nc4 23. Bc3 Nd6 24. Ba5 Qd7 25. Nxc5 Qxb5 26. Bd8 Qxc5
27. Be7 Qc8 28. Rxc8 Nxc8 29. Bd8 Bb4 30. d4 g6 31. Be2 Be7 32. Bc7 Bd6 33.
Bd8 Be7 34. Bc7 Bd6 35. Ba5 b6 36. Bd2 Ne7 37. Bb5 Kg7 38. Kf1 f6 39. Ke2 e5
40. Bc3 Nf5 41. dxe5 Bxe5 42. Bb4 d4 43. e4 Nd6 44. Bd3 f5 45. exf5 Nxf5 46.
g3 Nd6 47. f4 Nf5 48. Bxf5 {Black forfeits on time} 1-0

[Event "ICC Open 2015"]
[Site "Internet Chess Club"]
[Date "2015.05.29"]
[Round "8"]
[White "FlyAway"]
[Black "akibael"]
[Result "1-0"]
[ICCResult "Black resigns"]
[WhiteElo "2844"]
[BlackElo "2442"]
[Opening "Sicilian: Nimzovich-Rossolimo attack (with ...g6, without ...d6)"]
[ECO "B31"]
[NIC "SI.31"]
[Time "15:27:36"]
[TimeControl "180+0"]

1. e4 c5 2. Nf3 Nc6 3. Bb5 g6 4. O-O Bg7 5. c3 Nf6 6. e5 Nd5 7. d4 cxd4 8.
cxd4 O-O 9. Nc3 Nxc3 10. bxc3 d6 11. exd6 exd6 12. Bd3 Be6 13. Bg5 Qd7 14.
Qd2 Bd5 15. Be2 Rfe8 16. Rfe1 Rac8 17. h4 Na5 18. h5 Nc4 19. Qf4 gxh5 20.
Nh4 Re4 21. Qg3 Kh8 22. Bxh5 Rce8 23. Rxe4 Rxe4 24. Bf3 h6 25. Bxe4 Bxe4 26.
Bf4 d5 27. Re1 b5 28. f3 Bd3 29. Be5 Nxe5 30. dxe5 Qe6 31. f4 Be4 32. Qe3
Qg4 33. Qf2 Bf8 34. f5 Bc5 35. Qxc5 Qxh4 36. Qf8+ Kh7 37. Qxf7+ Kh8 38. Qf8+
Kh7 39. Qf7+ Kh8 40. Qf6+ Qxf6 41. exf6 Kg8 42. g4 Kf7 43. Kf2 Kxf6 44. Kg3
Kg5 45. Re2 h5 46. gxh5 Kxf5 47. Rh2 Kg5 48. h6 Bh7 49. Kf3 a5 50. Ke3 b4
51. cxb4 axb4 52. Kd4 Kf4 53. Kxd5 Ke3 54. Kc4 {Black resigns} 1-0